AoeStats
← KootH.

African Clearing

506561431Analyzed
4v4 RM · 18d ago on Sep 14, 2026· 55m 2s· 8 players
Game mode
Random Map
Map size
Large (8 player)
Population
200
Speed
Normal
Resources
Standard
Victory
Conquest
Starting age
Dark Age
Ending age
Imperial Age
RankedLock teamsTeams togetherTeam positionsShared explorationLock speedFull tech treeHidden civsTurbo modeCheats
Victory
Defeat
🇨🇱 Spanish · Chile
1442
+16
🇨🇴 Magyars · Colombia
1431
+16
🇧🇷 Koreans · Brazil
1421
+17
🇵🇪 Maya · Peru
1414
+17
🇦🇷 Magyars · Argentina
1558
-21
🇺🇾 Huns · Uruguay
1555
-21
🇦🇷 Persians · Argentina
1412
-15
🇦🇷 Vietnamese · Argentina
1234
-9
theblademaster
6:45 Loom
13:24 Feudal Age
14:19 Double-Bit Axe
17:45 Castle Age
30:52 Town Watch
36:21 Murder Holes
37:44 Fletching
40:04 Bodkin Arrow
41:10 Ballistics
41:17 Padded Archer Armor
44:42 Wheelbarrow
46:41 Treadmill Crane
49:54 Imperial Age
47:41 Hand Cart
50:25 Masonry
50:37 Bow Saw
51:02 Bracer
52:07 Chemistry
51:44 Conscription
52:11 Gold Mining
52:04 Pikeman
52:27 Horse Collar
53:10 Thumb Ring
55:00 Elite Plumed Archer
Diegazo
4:18 Loom
11:44 Feudal Age
12:28 Horse Collar
12:48 Double-Bit Axe
14:52 Horse Collar
21:31 Bloodlines
24:16 Fletching
28:47 Castle Age
31:24 Padded Archer Armor
34:15 Leather Archer Armor
36:07 Husbandry
40:23 Wheelbarrow
43:11 Imperial Age
40:37 Stone Mining
42:28 Bow Saw
44:28 Ring Archer Armor
44:08 Elite Conquistador
48:28 Heavy Plow
53:38 Town Watch
KootH.
4:58 Loom
13:11 Feudal Age
14:17 Double-Bit Axe
20:31 Wheelbarrow
23:11 Castle Age
21:12 Horse Collar
22:03 Fletching
24:14 Bodkin Arrow
24:31 Bloodlines
24:21 Husbandry
35:59 Ballistics
43:14 Thumb Ring
47:24 Imperial Age
47:43 Corvinian Army
49:05 Chemistry
48:07 Bracer
48:39 Parthian Tactics
48:03 Light Cavalry
49:52 Town Watch
49:32 Hussar
53:29 Padded Archer Armor
55:49 Bow Saw
55:40 Heavy Plow
Baratinha
3:26 Loom
14:13 Feudal Age
14:22 Man-at-Arms
15:06 Double-Bit Axe
17:31 Fletching
21:57 Horse Collar
25:19 Wheelbarrow
29:29 Castle Age
28:04 Town Watch
28:22 Gold Mining
28:26 Stone Mining
30:35 Bow Saw
34:37 Ballistics
34:34 Bodkin Arrow
45:56 Imperial Age
44:39 Elite Skirmisher
46:39 Light Cavalry
47:20 Husbandry
47:27 Scale Barding Armor
47:32 Forging
48:00 Conscription
48:18 Hussar
51:20 Chain Barding Armor
53:43 Chemistry
VZ | Facuaoe
9:36 Loom
12:22 Feudal Age
15:35 Double-Bit Axe
19:10 Fletching
19:50 Padded Archer Armor
24:48 Castle Age
24:27 Gold Mining
24:19 Horse Collar
26:08 Elite Skirmisher
36:46 Bodkin Arrow
42:53 Imperial Age
43:02 Imperial Age
43:53 Bracer
47:47 Ballistics
47:49 Imperial Skirmisher
[ADV] La Promesa
7:09 Loom
13:58 Feudal Age
15:16 Double-Bit Axe
19:37 Bloodlines
21:18 Horse Collar
21:53 Gold Mining
25:45 Castle Age
24:12 Stone Mining
26:46 Husbandry
26:42 Fletching
31:49 Scale Barding Armor
32:57 Forging
33:56 Wheelbarrow
42:15 Chain Barding Armor
46:01 Bodkin Arrow
47:27 Iron Casting
52:15 Imperial Age
50:38 Hand Cart
[GGnT] Nanito_Uy
3:57 Loom
12:57 Feudal Age
17:04 Castle Age
15:36 Double-Bit Axe
16:01 Fletching
27:08 Town Watch
29:11 Bodkin Arrow
30:08 Padded Archer Armor
31:44 Leather Archer Armor
33:46 Wheelbarrow
37:27 Thumb Ring
40:47 Horse Collar
40:58 Gold Mining
41:19 Bow Saw
42:24 Ballistics
47:56 Imperial Age
46:40 Gold Shaft Mining
48:35 Masonry
49:07 Parthian Tactics
50:08 Chemistry
50:24 Bracer
52:12 Stone Mining
53:24 Two-Man Saw
Teutonio
5:58 Loom
6:17 Loom
9:00 Loom
11:57 Feudal Age
12:34 Double-Bit Axe
12:36 Town Watch
16:17 Horse Collar
22:22 Castle Age
20:46 Gold Mining
22:26 Light Cavalry
25:09 Scale Barding Armor
25:06 Husbandry
25:25 Bloodlines
28:07 Chain Barding Armor
39:06 Fletching
41:41 Bow Saw
41:36 Padded Archer Armor
42:23 Stone Mining
44:00 Ballistics
43:38 Bodkin Arrow
43:59 Leather Archer Armor
44:56 Thumb Ring
47:59 Wheelbarrow
49:08 Masonry
54:33 Imperial Age
52:00 Guard Tower
52:45 Murder Holes
55:17 Recurve Bow
56:31 Chemistry
55:32 Bracer
Connection lost

Rejoining the realm…

Still unreachable

The connection could not be restored.

Session expired

The server has moved on; the page needs a fresh start.